Map: Dusk Towers

Players

Bomber - Winner!

  • Race: Terran Terran

Zanster

  • Race: Zerg Zerg

Event: DreamHack ROCCAT LotV Championship

VOD

https://youtu.be/issJk2gjCfI

Description

Time

  • Played on: Nov. 26, 2015, 11:40 a.m.
  • Length: 11:49

All games in this series

Show
View Real Time Build Order
Export as new Build Order

Bomber Terran - Winner!

Build Orders: Command Center First (CC), MMM Bio 

Get SALT Encoding   

  12  0:00  SCV  
  13  0:12  SCV  
  14  0:17  Supply Depot  
  14  0:25  SCV  
  15  0:39  SCV  
  16  0:51  SCV  
  17  0:59  Command Center  
  17  1:03  SCV  
  18  1:07  Refinery  
  18  1:15  SCV  
  19  1:20  Barracks  
  19  1:27  SCV  
  20  1:39  SCV  
  21  1:51  SCV  
  22  2:07  Marine, Orbital Command  
  23  2:09  Factory  
  23  2:11  Orbital Command  
  23  2:27  Barracks Reactor  
  23  2:33  SCV  
  23  2:35  Command Center  
  24  2:39  SCV  
  25  2:45  SCV  
  25  2:51  SCV  
  27  2:54  Supply Depot  
  27  2:58  SCV  
  28  3:03  SCV  
  29  3:07  Hellion x2  
  29  3:10  SCV, Barracks Tech Lab  
  34  3:13  Barracks  
  34  3:15  SCV  
  35  3:22  SCV  
  36  3:27  SCV  
  36  3:30  Marine  
  36  3:31  Stimpack  
  38  3:34  SCV, Widow Mine x2  
  38  3:39  SCV, Barracks  
  44  3:46  SCV  
  44  3:48  Orbital Command, Marine  
  46  3:51  SCV, Refinery  
  46  3:52  Refinery  
  46  3:53  Refinery  
  47  3:59  SCV  
  48  4:03  SCV  
  48  4:08  Barracks Reactor  
  48  4:09  Marauder  
  49  4:11  SCV  
  49  4:15  SCV  
  51  4:18  Supply Depot  
  51  4:20  Marine x2  
  51  4:21  Hellion  
  55  4:25  Bunker  
  55  4:26  Marine  
  55  4:30  Marauder  
  58  4:42  Hellion  
  58  4:43  SCV  
  58  4:44  SCV x2, Marine  
  64  4:46  Marine  
  64  4:47  Marine  
  64  4:52  Marauder  
  52  5:07  Marine x3  
  52  5:08  Hellion  
  52  5:09  SCV x2  
  52  5:13  Marauder  
  53  5:19  Engineering Bay  
  51  5:25  Marine x3  
  51  5:27  SCV  
  51  5:30  Hellion  
  51  5:31  SCV  
  51  5:32  SCV  
  51  5:34  Marauder  
  53  5:39  SCV  
  53  5:42  Starport  
  51  5:43  Marine  
  51  5:44  SCV x2  
  51  5:46  Terran Infantry Weapons Level 1  
  51  5:49  Combat Shields  
  54  5:51  SCV  
  54  5:53  Marine  
  54  5:54  Barracks Reactor  
  54  5:55  Factory Reactor  
  54  5:56  SCV x2  
  58  5:57  Marauder  
  58  6:00  Marine  
  58  6:03  SCV  
  62  6:08  SCV x2  
  62  6:10  Supply Depot  
  62  6:11  Supply Depot, Marine  
  64  6:15  SCV  
  66  6:18  Marine  
  66  6:20  SCV x2  
  66  6:23  Supply Depot  
  66  6:25  Supply Depot  
  69  6:26  Engineering Bay  
  69  6:28  Armory  
  69  6:31  SCV, Marine  
  69  6:32  SCV  
  68  6:34  Marine x2  
  68  6:35  SCV  
  71  6:41  Marine x2  
  71  6:42  Medivac  
  71  6:43  SCV, Orbital Command  
  71  6:45  Medivac  
  78  6:48  SCV  
  79  6:55  SCV  
  79  6:56  Marine x2  
  80  7:03  SCV  
  80  7:05  Marauder, Marine x2  
  85  7:09  SCV  
  85  7:10  SCV  
  85  7:12  Medivac  
  85  7:14  Marine x2  
  85  7:15  Medivac  
  93  7:19  Barracks  
  93  7:20  Barracks  
  93  7:21  SCV x2  
  93  7:22  SCV  
  96  7:24  Supply Depot  
  96  7:25  Supply Depot  
  96  7:26  Terran Infantry Armor Level 1  
  96  7:33  Marine x2  
  96  7:34  Marauder, Marine  
  101  7:42  Supply Depot  
  101  7:43  Supply Depot, Terran Infantry Weapons Level 2  
  101  7:46  Marine  
  101  7:49  Medivac x2  
  106  7:51  SCV x2  
  106  7:52  Marine  
  106  7:53  Marine x2  
  106  7:56  SCV  
  107  8:03  SCV  
  103  8:11  Marine x2  
  103  8:15  SCV x3, Barracks Reactor  
  103  8:16  Barracks Reactor, Marine x3  
  109  8:21  Barracks x3  
  113  8:31  Marine x2  
  111  8:35  Barracks  
  111  8:37  Barracks  
  111  8:47  Marine x2  
  111  8:48  Marauder  
  112  8:49  Marine  
  112  8:50  SCV x2  
  112  8:51  SCV  
  112  8:52  Supply Depot  
  112  8:54  Supply Depot  
  116  8:57  Marine x2  
  116  8:58  Marine x3  
  116  9:02  Missile Turret  
  121  9:03  SCV  
  121  9:05  Supply Depot  
  121  9:06  Supply Depot  
  121  9:09  Marine x2, Marauder  
  126  9:10  Barracks Reactor  
  126  9:11  Barracks Reactor x2  
  126  9:21  Marine x3  
  126  9:22  Marine x4  
  133  9:29  Terran Infantry Armor Level 2, Marine x2  
  133  9:30  Marauder  
  134  9:32  Medivac x2  
  132  9:43  Marine x4  
  132  9:44  Barracks Reactor  
  133  9:46  Barracks Tech Lab  
  133  9:50  Marine  
  133  9:51  Marine x8  
  133  9:52  Marauder  
  137  10:12  Marine x2  
  137  10:13  Marauder, Marine x5  
  137  10:14  Marauder, Marine x6  
  149  10:15  Marine  
  149  10:17  Supply Depot  
  149  10:18  Supply Depot x2  
  149  10:19  Supply Depot  
  155  10:24  Medivac x2  
  155  10:26  Marine  
  155  10:27  Marine  
  161  10:30  Marine x3  
  161  10:31  Marine  
  165  10:39  Marauder x2, Marine x9  
  178  10:44  Marine  
  178  10:45  Marine x2  
  178  10:48  Marine x4  
  185  10:50  Concussive Shells  
  185  10:56  Marine x4  
  183  10:57  Marine x4  
  183  11:00  Medivac x2  
  183  11:01  Marauder  
  197  11:08  Orbital Command  
  197  11:24  Marine x2  
  197  11:25  Marine x2  
  197  11:26  Marauder, Marine x3  
  197  11:27  Command Center  
  197  11:28  Marine  
  197  11:30  Marine x2  
Show
View Real Time Build Order
Export as new Build Order

Zanster Zerg 

Build Orders: Pool First, Roach Nydus 

Get SALT Encoding   

  12  0:00  Drone  
  13  0:13  Overlord  
  13  0:17  Drone  
  14  0:31  Drone x2  
  14  0:35  Drone  
  17  0:44  Spawning Pool  
  17  0:48  Drone  
  17  0:55  Extractor  
  17  0:56  Drone  
  17  1:15  Hatchery  
  17  1:17  Drone  
  17  1:31  Queen  
  17  1:32  Zergling x2  
  20  1:35  Zergling x2  
  20  1:39  Zergling x2  
  22  1:49  Overlord  
  22  2:09  Queen  
  22  2:10  Drone  
  22  2:11  Drone  
  26  2:25  Drone  
  26  2:26  Drone  
  26  2:28  Lair  
  28  2:35  Drone  
  29  2:38  Drone  
  29  2:39  Drone  
  29  2:40  Drone x2  
  33  2:49  Queen  
  35  2:52  Drone  
  35  2:56  Overlord  
  36  3:04  Drone, Extractor  
  36  3:16  Drone x3  
  36  3:17  Drone  
  36  3:18  Drone  
  41  3:20  Overlord  
  41  3:21  Drone  
  41  3:22  Drone  
  43  3:28  Roach Warren  
  42  3:36  Nydus Network  
  42  3:38  Drone  
  42  3:44  Overlord  
  42  3:49  Queen  
  44  4:09  Roach x4  
  58  4:10  Roach x3  
  58  4:19  Overlord, Roach  
  58  4:20  Overlord  
  60  4:36  Nydus Canal  
  60  4:40  Queen  
  60  4:41  Roach x4  
  60  4:45  Overseer  
  70  4:46  Overlord  
  68  5:04  Nydus Canal  
  62  5:12  Roach  
  62  5:13  Roach, Queen  
  60  5:16  Zergling x6, Queen  
  60  5:17  Roach  
  61  5:24  Roach  
  62  5:36  Roach x3  
  61  5:51  Queen  
  61  6:00  Hatchery, Drone x4  
  61  6:01  Drone  
  65  6:06  Drone x2  
  65  6:07  Drone  
  65  6:10  Drone  
  69  6:16  Glial Reconstitution  
  69  6:18  Drone  
  68  6:19  Evolution Chamber  
  68  6:20  Evolution Chamber, Drone  
  68  6:22  Drone  
  68  6:23  Drone x2  
  70  6:29  Drone  
  71  6:33  Drone  
  72  6:42  Drone  
  72  6:44  Drone x4  
  77  6:47  Hatchery  
  77  6:48  Zerg Missile Weapons Level 1  
  77  6:50  Extractor  
  75  6:54  Zerg Ground Armor Level 1  
  75  6:55  Drone  
  76  7:01  Drone  
  76  7:02  Drone  
  76  7:05  Extractor  
  76  7:06  Drone  
  76  7:07  Queen  
  80  7:15  Drone x4  
  84  7:18  Overlord  
  84  7:20  Drone  
  84  7:21  Drone  
  86  7:28  Overlord  
  86  7:35  Ravager  
  86  7:36  Ravager x2  
  89  7:37  Overlord x2  
  89  7:38  Roach x3  
  89  7:40  Roach  
  89  7:42  Overlord  
  97  7:47  Overlord  
  97  7:56  Roach x6  
  98  8:05  Roach x3  
  94  8:13  Drone  
  94  8:14  Drone  
  94  8:15  Drone x4, Extractor  
  94  8:16  Overlord  
  99  8:20  Roach x5  
  99  8:23  Drone x2  
  99  8:25  Roach  
  113  8:27  Overlord  
  113  8:29  Extractor  
  113  8:32  Spore Crawler  
  113  8:33  Roach x3  
  117  8:37  Overlord  
  117  8:40  Roach x2  
  121  8:42  Overlord  
  121  8:47  Roach  
  121  8:48  Roach x2  
  125  8:49  Overlord  
  125  8:52  Drone x2  
  129  8:56  Drone x7  
  136  9:04  Overlord  
  136  9:05  Zerg Missile Weapons Level 2  
  136  9:09  Roach x4  
  144  9:15  Overlord  
  144  9:21  Roach x4  
  150  9:28  Roach x6  
  160  9:40  Hatchery  
  160  9:43  Roach x5  
  167  9:49  Overlord  
  167  10:00  Roach x2  
  167  10:01  Roach  
  167  10:05  Overlord  
  167  10:06  Hatchery  
  172  10:13  Drone x2  
  172  10:14  Drone  
  175  10:15  Roach x4  
  175  10:18  Ravager x2  
  185  10:25  Ravager  
  186  10:34  Ravager  
  186  10:35  Ravager  
  188  10:36  Extractor  
  188  10:38  Queen  
  188  10:40  Extractor  
  188  10:41  Roach x3  
  194  10:49  Queen  
  194  10:58  Ravager x3  
  194  11:02  Spine Crawler  
  196  11:05  Spine Crawler  
  196  11:10  Hydralisk Den  
  194  11:12  Ravager  
  195  11:20  Overlord  

Tags
 
Add a new tag
Caveats
  • Supply blocks, unpowered buildings, or Contaminate may cause inaccurate times.
  • Supply counts are checked every 10 seconds.